 Dungeon Crawl Stone Soup version 0.21-a0-538-gd16b88a (webtiles) character file.

140 teukkam the Magician (level 5, -10/40 HPs)
             Began as a Gnoll Wanderer on Dec 15, 2017.
             Mangled by an ogre
             ... wielding a +0 giant club
              (16 damage)
             ... on level 6 of the Dungeon.
             The game lasted 00:07:00 (1922 turns).

teukkam the Magician (Gnoll Wanderer)               Turns: 1922, Time: 00:07:00

Health: -10/40     AC:  9    Str: 15    XL:     5   Next: 22%
Magic:  12/12      EV:  7    Int: 14    God:
Gold:   82         SH:  0    Dex: 13    Spells: 14/14 levels left

rFire    + . .     SeeInvis .   a - +2 dagger
rCold    + . .     Gourm    +   (no shield)
rNeg     . . .     Faith    .   t - +1 chain mail {rF+}
rPois    .         Spirit   .   (no helmet)
rElec    .         Reflect  .   (no cloak)
rCorr    .         Harm     .   (no gloves)
MR       .....                  (no boots)
Stlth    ..........             i - amulet of the gourmand
HPRegen  0.13/turn              u - -2 ring of intelligence (curse)
MPRegen  0.13/turn              k - ring of protection from cold

@: very slightly contaminated
A: distributed training, fangs 1, strong nose
a: no special abilities


You were on level 6 of the Dungeon.
You were not hungry.

You visited 1 branch of the dungeon, and saw 5 of its levels.

You collected 82 gold pieces.

Inventory:

Hand Weapons
 a - a +2 dagger (weapon)
 c - a +0 falchion
 d - a +0 spear
Missiles
 h - 16 poisoned needles
 q - 2 tomahawks (quivered)
Armour
 r - a +1 robe of magic resistance
 t - a +1 chain mail of fire resistance (worn)
Jewellery
 i - an amulet of the gourmand (around neck)
 k - a ring of protection from cold (right hand)
 n - an uncursed ring of resist corrosion
 u - a cursed -2 ring of intelligence (left hand)
Scrolls
 b - a scroll of fear
 o - 2 scrolls of identify
Potions
 e - a potion of brilliance {unknown}
 j - 2 potions of heal wounds {unknown}
 l - a potion of resistance
 m - a potion of berserk rage
 p - 2 potions of curing {unknown}
 s - a potion of ambrosia {unknown}
Comestibles
 f - 2 bread rations


   Skills:
 + Level 2.9 Fighting
 + Level 1.4 Short Blades
 + Level 1.4 Long Blades
 + Level 1.4 Axes
 + Level 1.4 Maces & Flails
 + Level 1.4 Polearms
 + Level 1.4 Staves
 + Level 1.4 Slings
 + Level 1.4 Bows
 + Level 1.4 Crossbows
 + Level 1.4 Throwing
 + Level 1.4 Armour
 + Level 2.9 Dodging
 + Level 4.3 Stealth
 + Level 1.4 Shields
 + Level 1.4 Unarmed Combat
 + Level 5.1 Spellcasting
 + Level 1.1 Conjurations
 + Level 1.1 Hexes
 + Level 1.1 Charms
 + Level 1.1 Summonings
 + Level 1.1 Necromancy
 + Level 1.1 Translocations
 + Level 1.1 Transmutations
 + Level 3.9 Fire Magic
 + Level 1.1 Ice Magic
 + Level 2.3 Air Magic
 + Level 1.1 Earth Magic
 + Level 1.1 Poison Magic
 + Level 1.5 Invocations
 + Level 2.9 Evocations


You had 14 spell levels left.
You didn't know any spells.

Dungeon Overview and Level Annotations

Branches:
Dungeon (4/15)
 Temple: D:4-7

Altars:
Cheibriados
Trog
Yredelemnul


Innate Abilities, Weirdness & Mutations

Your experience applies equally to all skills.
You have very sharp teeth.
Your uncanny sense of smell can sniff out nearby items.


Message History

An orc warrior comes into view. It is wielding a flail.
The orc priest looks braver for a moment.
The hound bites you but does no damage. The hound closely misses you.
The hound bites you but does no damage. The hound bites you.
The bullfrog hits you. The hound bites you but does no damage.
The hound barely misses you.
Okay, then.
The bullfrog swells and bulges.
The bullfrog hits you.
* * * LOW HITPOINT WARNING * * *
The bullfrog hits you.
* * * LOW HITPOINT WARNING * * *
The hound barely misses you.
Blink to where?
Press: ? - help, Dir - move target cursor
As you read the scroll of blinking, it crumbles to dust.
An ogre comes into view. It is wielding a giant club.
The ogre shouts!
The ogre hits you with a giant club!
You die...

#h.a[#.## ......
#F......# ##.....
#....#..# ∆
#..P...###....#..#
.P....<.......#..#
...P.............#
................##.#
............#......#
.=.....@.........###
......O...#.##...#
..........#. ....#
....##+#+## ##.#.#
... .. .# .. #+ .# .
.#


You could see an ogre and a bullfrog.

Vanquished Creatures
  2 orc priests (D:3)
  An orc wizard (D:3)
  An adder (D:2)
  A worm (D:3)
  A dart slug (D:1)
  3 orcs (D:3)
  3 giant cockroaches (D:2)
  7 goblins
  4 hobgoblins
  2 jackals (D:1)
  3 kobolds
  3 bats (D:3)
  2 frilled lizards
  9 rats
42 creatures vanquished.

Notes
Turn   | Place    | Note
-------+----------+-------------------------------------------
     0 | D:1      | teukkam the Gnoll Wanderer began the quest for the Orb.
     0 | D:1      | teukkam set off with: a +2 dagger, a scroll of fear, a +0 falchion, a +0 spear, a +0 robe, a bread ration
     0 | D:1      | Reached XP level 1. HP: 17/17 MP: 6/6
    88 | D:1      | Reached XP level 2. HP: 20/23 MP: 7/7
   745 | D:2      | Found a snail-covered altar of Cheibriados.
   828 | D:2      | Reached XP level 3. HP: 27/28 MP: 9/9
   883 | D:2      | Reached skill level 5 in Spellcasting
  1082 | D:2      | Found a bloodstained altar of Trog.
  1255 | D:3      | Reached skill level 1 in Invocations
  1333 | D:3      | Reached skill level 1 in Short Blades
  1333 | D:3      | Reached skill level 1 in Long Blades
  1333 | D:3      | Reached skill level 1 in Axes
  1333 | D:3      | Reached skill level 1 in Maces & Flails
  1333 | D:3      | Reached skill level 1 in Polearms
  1333 | D:3      | Reached skill level 1 in Staves
  1333 | D:3      | Reached skill level 1 in Slings
  1333 | D:3      | Reached skill level 1 in Bows
  1333 | D:3      | Reached skill level 1 in Crossbows
  1333 | D:3      | Reached skill level 1 in Throwing
  1333 | D:3      | Reached skill level 1 in Armour
  1333 | D:3      | Reached skill level 1 in Shields
  1333 | D:3      | Reached skill level 1 in Unarmed Combat
  1333 | D:3      | Reached XP level 4. HP: 28/34 MP: 11/11
  1339 | D:3      | Reached skill level 1 in Conjurations
  1339 | D:3      | Reached skill level 1 in Hexes
  1339 | D:3      | Reached skill level 1 in Charms
  1339 | D:3      | Reached skill level 1 in Summonings
  1339 | D:3      | Reached skill level 1 in Necromancy
  1339 | D:3      | Reached skill level 1 in Translocations
  1339 | D:3      | Reached skill level 1 in Transmutations
  1339 | D:3      | Reached skill level 1 in Ice Magic
  1339 | D:3      | Reached skill level 1 in Earth Magic
  1339 | D:3      | Reached skill level 1 in Poison Magic
  1342 | D:3      | Reached XP level 5. HP: 23/40 MP: 12/12
  1357 | D:3      | Found a basalt altar of Yredelemnul.
  1877 | D:3      | You fall through a shaft for 3 floors!
  1916 | D:6      | Noticed an orc warrior
  1922 | D:6      | Noticed an ogre
  1922 | D:6      | Mangled by an ogre

Vault maps used:
D:1:      grunt_arrival_crossed_arrows, minmay_close_crescents
D:2:      cheibriados_altar_1, bloody_trog
D:3:      yredelemnul_altar_generic, first_bread, portal_sewer_entry_e,
          fountainhead
D:4:      black_bear_nest_2, kennysheep_little_box, serial_shops,
          kennysheep_mini_moat, uniq_ijyb, uniq_pikel
D:6:      cheibrodos_helix_gallery, kiku_gazebo_garden_becter,
          minmay_temple_entry_purple_smoke, serial_glass, glass_columns_a,
          glass_columns_c

Skill      XL: |  1  2  3  4 |
---------------+-------------+-----
Air Magic      | 2 |  2.3
Spellcasting   | 5 |  5.1
Invocations    | 1 |  1.5
Short Blades   | 1 |  1.4
Long Blades    | 1 |  1.4
Axes           | 1 |  1.4
Maces & Flails | 1 |  1.4
Polearms       | 1 |  1.4
Staves         | 1 |  1.4
Slings         | 1 |  1.4
Bows           | 1 |  1.4
Crossbows      | 1 |  1.4
Throwing       | 1 |  1.4
Armour         | 1 |  1.4
Shields        | 1 |  1.4
Unarmed Combat | 1 |  1.4
Conjurations   | 1 |  1.1
Hexes          | 1 |  1.1
Charms         | 1 |  1.1
Summonings     | 1 |  1.1
Necromancy     | 1 |  1.1
Translocations | 1 |  1.1
Transmutations | 1 |  1.1
Ice Magic      | 1 |  1.1
Earth Magic    | 1 |  1.1
Poison Magic   | 1 |  1.1
Fighting       | |  2.9
Dodging        | |  2.9
Stealth        | |  4.3
Fire Magic     | |  3.9
Evocations     | |  2.9

Action                   |  1- 3 |  4- 6 || total
-------------------------+-------+-------++-------
Melee: Dagger            |    67 |    44 ||   111
       Bite              |     5 |     4 ||     9
  Use: Scroll            |     7 |     2 ||     9
       Potion            |     1 |       ||     1
 Stab: Sleeping          |     6 |     1 ||     7
  Eat: Chunk             |     1 |     5 ||     6
Armor: Robe              |     5 |     8 ||    13
       Chain mail        |       |    25 ||    25
Dodge: Dodged            |    29 |    38 ||    67

Table legend:
 A = Spawn XP
 B = Non-spawn XP
 C = Spawn XP percentage of total XP
 D = Spawn monster count
 E = Non-spawn monster count
 F = Spawn count percentage of total count
 G = Total turns spent on level
                    A         B        C        D         E        F      G
               +---------+---------+-------+---------+---------+-------+---------
         Total |       0 |     200 |   0.0 |       0 |      42 |   0.0 |  1922
               +---------+---------+-------+---------+---------+-------+---------
           D:1 |       0 |      29 |   0.0 |       0 |      17 |   0.0 |   505
           D:2 |       0 |      25 |   0.0 |       0 |       7 |   0.0 |   691
           D:3 |       0 |     146 |   0.0 |       0 |      18 |   0.0 |   679
               +---------+---------+-------+---------+---------+-------+---------
